 Dungeon Crawl Stone Soup version 0.30-a0-162-g2ba88f6271 (webtiles) character file.

Game seed: 17225785177160321311

221 Kinoniko the Chopper (level 5, -4/45 HPs)
             Began as a Minotaur Berserker on Sept 28, 2022.
             Was a Believer of Trog.
             Slain by Duvessa
             ... wielding a +0 short sword
              (16 damage)
             ... on level 4 of the Dungeon.
             The game lasted 00:02:44 (2618 turns).

Kinoniko the Chopper (Minotaur Berserker)           Turns: 2618, Time: 00:02:44

Health: -4/45      AC:  6    Str: 24    XL:     5   Next: 65%
Magic:  4/4        EV: 11    Int:  4    God:    Trog [**....]
Gold:   132        SH:  0    Dex:  9    Spells: 4/4 levels left

rFire   . . .      SeeInvis .    a - +0 hand axe
rCold   . . .      Faith    +    (no shield)
rNeg    . . .      Spirit   .    j - +0 ring mail
rPois   .          Reflect  .    (helmet restricted)
rElec   .          Harm     .    w - +0 cloak
rCorr   .          Rampage  .    (no gloves)
Will    ++...                    (no boots)
Stlth   ..........               v - amulet of faith
HPRegen 1.15/turn                (no ring)
MPRegen 0.09/turn                (no ring)

@: strong-willed, on berserk cooldown, regenerating, hasted, invisible, very
quick
A: horns 2, retaliatory headbutt
a: Renounce Religion, Berserk, Trog's Hand


You were on level 4 of the Dungeon.
You worshipped Trog.
Trog was pleased with you.
You visited 1 branch of the dungeon, and saw 4 of its levels.

You collected 132 gold pieces.

Inventory:

Hand Weapons
 a - a +0 hand axe (weapon)
Armour
 b - a +0 animal skin
 h - a +0 leather armour
 j - a +0 ring mail (worn)
 w - a +0 cloak (worn)
Jewellery
 v - an amulet of faith (around neck)
Wands
 k - a wand of charming (12)
 q - a wand of acid (10)
Scrolls
 d - 2 scrolls of fear {unknown}
 f - 2 scrolls of identify
 m - a scroll of poison {unknown}
 u - a scroll of immolation {unknown}
 x - a scroll of enchant armour {unknown}
 y - a scroll of fog {unknown}
Potions
 c - a potion of flight {unknown}
 e - a potion of heal wounds {unknown}
 g - a potion of magic {unknown}
 i - a potion of brilliance {unknown}
 o - a potion of berserk rage {unknown}
 p - a potion of haste
 r - a potion of might {unknown}
 s - a potion of cancellation {unknown}
 t - a potion of lignification {unknown}
 z - a potion of curing {unknown}


   Skills:
 - Level 3.6 Fighting
 * Level 7.8 Axes
 - Level 2.4 Armour
 - Level 2.1 Dodging


You had 4 spell levels left.
You didn't know any spells.
Your spell library was empty.

Dungeon Overview and Level Annotations

Branches:
Dungeon (4/15)
 Temple: D:4-7

Altars:

Annotations:
D:4 Duvessa


Innate Abilities, Weirdness & Mutations

You have a pair of horns on your head.
You reflexively headbutt those who attack you in melee.


Message History

Duvessa hits you with a +0 short sword.
You hit Duvessa.
Duvessa is moderately wounded.
Duvessa misses you. You furiously retaliate!
You headbutt Duvessa. Duvessa hits you with a +0 short sword!
* * * LOW HITPOINT WARNING * * *
You hit Duvessa. Your headbutt misses Duvessa.
Duvessa is moderately wounded.
Duvessa hits you with a +0 short sword.
* * * LOW HITPOINT WARNING * * *
Unknown command.
Okay, then.
Blink to where?
Press: ? - help, Dir - move target
As you read the scroll of blinking, it crumbles to dust.
Blink to where?
Press: ? - help, Dir - move target
As you read the scroll of blinking, it crumbles to dust.
You hear a shout!
You feel the effects of Trog's Hand fading.
Duvessa is nearby!
You feel yourself speed up.
Your skin crawls.
You feel strong-willed.
You fade further into invisibility.
You slash Duvessa!
Duvessa is heavily wounded.
Duvessa hits you with a +0 short sword!
* * * LOW HITPOINT WARNING * * *
Unknown command.
You catch the helpless Duvessa completely off-guard!
You hit Duvessa but do no damage. You headbutt Duvessa, but do no damage.
Duvessa is heavily wounded.
Unknown command.
Okay, then.
Duvessa barely misses you.
You hit Duvessa. Your headbutt misses Duvessa.
Duvessa is heavily wounded.
Duvessa hits you with a +0 short sword!
You die...

#......# #......# ####......#
#.........# #.####....# #.#
#.###### #.# #......#
##########.# #..###.######
........^#.# #.@....#....+
.#######.#.# ##e#####.####...
.#####...#.#####..............
.......#.......#######.#....##
#####..#.#.#.....# #...##.#.#
#..#.#.#.#..####.### ...#
#..#.#†#.#<...<#.# ..#
###..#.#.#.#######.# .#
#..........#.......# .#


You could see Duvessa (berserk, unable to see you).

Vanquished Creatures
  A scorpion (D:4)
  Dowan (D:4)
  Robin (D:2)
  5 adders
  3 worms
  An orc (D:3)
  3 ball pythons
  6 endoplasms
  A giant cockroach (D:2)
  11 goblins
  4 hobgoblins
  2 jackals (D:3)
  4 kobolds
  A quokka (D:1)
  3 bats
  3 frilled lizards
  2 rats
52 creatures vanquished.

Vanquished Creatures (others)
  2 plants (D:3)
2 creatures vanquished.

Grand Total: 54 creatures vanquished

Notes
Turn   | Place    | Note
-------+----------+-------------------------------------------
     0 | D:1      | Kinoniko the Minotaur Berserker began the quest for the
                  | Orb.
     0 | D:1      | Reached XP level 1. HP: 19/19 MP: 0/0
   129 | D:1      | Reached skill level 4 in Axes
   257 | D:1      | Reached XP level 2. HP: 23/26 MP: 1/1
   984 | D:2      | Reached skill level 5 in Axes
  1005 | D:2      | Noticed Robin
  1006 | D:2      | Reached XP level 3. HP: 31/31 MP: 2/2
  1014 | D:2      | Killed Robin
  1014 | D:2      | Reached ** piety under Trog
  1726 | D:3      | Reached skill level 6 in Axes
  1726 | D:3      | Reached XP level 4. HP: 39/39 MP: 3/3
  2211 | D:3      | Found a faded altar of an unknown god.
  2455 | D:4      | Noticed a scorpion
  2461 | D:4      | Killed a scorpion
  2462 | D:4      | Reached skill level 7 in Axes
  2462 | D:4      | Reached XP level 5. HP: 45/45 MP: 4/4
  2571 | D:4      | Noticed Dowan
  2571 | D:4      | Noticed Duvessa
  2586 | D:4      | Killed Dowan
  2618 | D:4      | Slain by Duvessa

Illustrated notes

Levels and vault maps discovered:
D:1:      wheals_arrival_shading, layout_loops_ring
D:2:      layout_basic, serial_curves, eino_curves_04, eino_curves_03,
          minmay_diced_spiral, uniq_robin
D:3:      layout_basic, chequers_ecumenical_altar_lobes, serial_bayou_pond_a
D:4:      layout_basic, minmay_temple_entry_mini_moons, serial_shops,
          nicolae_shop_statue_plus, uniq_duvessa

Skill      XL: |  1  2  3  4 |
---------------+-------------+-----
Axes           | 4 5 6 7 |  7.8
Fighting       | |  3.6
Armour         | |  2.4
Dodging        | |  2.1

Action                   |  1- 3 |  4- 6 || total
-------------------------+-------+-------++-------
Melee: Hand axe          |    64 |    44 ||   108
       Headbutt          |     7 |     4 ||    11
Invok: Berserk           |     1 |     2 ||     3
       Trog's Hand       |       |     2 ||     2
  Use: Scroll            |       |     3 ||     3
       Potion            |       |     3 ||     3
 Stab: Sleeping          |     1 |       ||     1
       Invisible         |       |     1 ||     1
Armor: Animal skin       |     5 |       ||     5
       Ring mail         |    13 |    14 ||    27
       Leather armour    |     2 |       ||     2
Dodge: Dodged            |    33 |    19 ||    52

Table legend: (Time is in decaauts)
 A = Elapsed time spent in this place.
 B = Non-inter-level travel time spent in this place.
 C = Inter-level travel time spent in this place.
 D = Time resting spent in this place.
 E = Time spent auto-exploring this place.
 F = Levels seen in this place.
 G = Mean time per level.
                   A        B        C        D        E       F      G
               +--------+--------+--------+--------+--------+-----+--------+
         Total |   2632 |   2468 |    164 |     89 |   2053 |   4 |  658.0 |
       Dungeon |   2632 |   2468 |    164 |     89 |   2053 |   4 |  658.0 |
               +--------+--------+--------+--------+--------+-----+--------+

Top non-repeatable levels by time:
     D:1: 973 daAuts
     D:2: 751 daAuts
     D:3: 727 daAuts
     D:4: 180 daAuts
